General information
			
			
        
        - name: 1v1 tr obs 3
 
        - type: Custom game
 
        - host: eGPure
 
        - saver: TALONSAREIMBA
 
        
map: TurtleRock 
        - players: 10
 
        - length: 50:59
 
        - speed: Fast
 - version: 1.22 W3XP
 - replay type:  Public
 
» download(388 KB)
Players
        team 1 (loser) 
              
              
eGPure (
green | 207 APM | 10550 actions | 50:58)
              
 9 Death Knight 
 3 Death Coil
 3 Unholy Aura
 1 Animate Dead
 2 Death Pact
 6 Lich 
 3 Frost Nova
 2 Dark Ritual
 1 Death and Decay
 
                » actions 
                
                | Assign group hotkey | 320 |  | 
| Basic commands | 12 |  | 
| Build / train | 146 |  | 
| Enter build submenu | 62 |  | 
| Enter hero's abilities submenu | 17 |  | 
| Give item / drop item | 10 |  | 
| Remove unit from queue | 4 |  | 
| Right click | 5148 |  | 
| Select / deselect | 1511 |  | 
| Select group hotkey | 3074 |  | 
| Use ability | 245 |  | 
                10550 total
 » units 
                
                | Acolyte | 11 |  | 
| Ghoul | 18 |  | 
| Gargoyle | 26 |  | 
| Frost Wyrm | 3 |  | 
                58 total
 » upgrades
                
                | Stone Form | 1 |  | 
| Creature Attack | 2 |  | 
| Ghoul Frenzy | 0 |  | 
                3 total
 » buildings
                
                | Altar of Darkness | 2 |  | 
| Crypt | 5 |  | 
| Ziggurat | 18 |  | 
| Tomb of Relics | 3 |  | 
| Halls of the Dead | 3 |  | 
| Graveyard | 4 |  | 
| Black Citadel | 1 |  | 
| Necropolis | 3 |  | 
| Spirit Tower | 14 |  | 
| Sacrificial Pit | 1 |  | 
| Boneyard | 1 |  | 
| Nerubian Tower | 1 |  | 
                56 total
 » build order
                00:12 Altar of Darkness
00:18 Crypt
00:37 Ziggurat
00:57 Tomb of Relics
01:49 Ziggurat
02:53 Halls of the Dead
03:41 Graveyard
04:34 Ziggurat
04:36 Crypt
06:04 Ziggurat
07:45 Black Citadel
15:58 Necropolis
18:26 Spirit Tower
18:59 Spirit Tower
19:00 Spirit Tower
20:04 Ziggurat
20:07 Ziggurat
20:20 Ziggurat
20:44 Ziggurat
20:49 Spirit Tower
21:14 Spirit Tower
21:14 Spirit Tower
21:14 Spirit Tower
21:16 Spirit Tower
21:39 Crypt
22:02 Spirit Tower
22:04 Ziggurat
22:57 Spirit Tower
24:08 Sacrificial Pit
24:59 Boneyard
28:02 Necropolis
30:06 Ziggurat
30:14 Ziggurat
30:14 Ziggurat
30:15 Ziggurat
31:16 Spirit Tower
31:29 Spirit Tower
31:44 Spirit Tower
32:59 Spirit Tower
33:00 Ziggurat
37:36 Tomb of Relics
41:18 Halls of the Dead
41:18 Halls of the Dead
41:30 Necropolis
43:26 Ziggurat
43:26 Ziggurat
43:27 Ziggurat
43:30 Ziggurat
45:45 Tomb of Relics
45:49 Graveyard
45:52 Nerubian Tower
47:07 Graveyard
47:22 Crypt
48:21 Graveyard
48:22 Crypt
48:25 Altar of Darkness
» items
                
                | Rod of Necromancy | 4 |  | 
| Dust of Appearance | 1 |  | 
| Scroll of Town Portal | 8 |  | 
| Potion of Healing | 12 |  | 
| Orb of Corruption | 1 |  | 
| Scroll of Healing | 10 |  | 
| Potion of Mana | 6 |  | 
| Potion of Lesser Invulnerability | 1 |  | 
| Scroll of Protection | 1 |  | 
                44 total
  
               team 2 (winner) 
              
              
TALONSAREIMBA (
red | 140 APM | 7143 actions | 50:59)
              
 8 Warden 
 3 Shadow Strike
 3 Blink
 1 Spirit of Vengeance
 1 Fan of Knives
 7 Pandaren Brewmaster 
 3 Breath of Fire
 3 Drunken Haze
 1 Storm Earth and Fire
 
                » actions 
                
                | Assign group hotkey | 67 |  | 
| Basic commands | 419 |  | 
| Build / train | 204 |  | 
| ESC pressed | 22 |  | 
| Enter build submenu | 48 |  | 
| Enter hero's abilities submenu | 16 |  | 
| Give item / drop item | 8 |  | 
| Right click | 3493 |  | 
| Select / deselect | 1618 |  | 
| Select group hotkey | 941 |  | 
| Use ability | 306 |  | 
                7143 total
 » units 
                
                | Wisp | 94 |  | 
| Archer | 8 |  | 
| Dryad | 26 |  | 
| Druid of the Claw | 2 |  | 
| Glaive Thrower | 2 |  | 
| Hippogryph | 6 |  | 
| Chimaera | 7 |  | 
                145 total
 » upgrades
                
                | Abolish Magic | 1 |  | 
| Druid of the Claw Training | 2 |  | 
| Mark of the Claw | 1 |  | 
| Strength of the Wild | 3 |  | 
| Corrosive Breath | 1 |  | 
| Reinforced Hides | 3 |  | 
| Well Spring | 1 |  | 
| Ultravision | 1 |  | 
                13 total
 » buildings
                
                | Altar of Elders | 1 |  | 
| Moon Well | 6 |  | 
| Ancient of War | 2 |  | 
| Tree of Ages | 2 |  | 
| Hunter's Hall | 1 |  | 
| Ancient of Lore | 2 |  | 
| Ancient of Wonders | 2 |  | 
| Ancient Protector | 17 |  | 
| Tree of Eternity | 1 |  | 
| Tree of Life | 4 |  | 
| Ancient of Wind | 1 |  | 
| Chimaera Roost | 3 |  | 
                42 total
 » build order
                00:04 Altar of Elders
00:06 Moon Well
00:26 Ancient of War
02:19 Moon Well
03:04 Tree of Ages
03:04 Tree of Ages
03:50 Moon Well
04:44 Hunter's Hall
05:58 Ancient of Lore
06:00 Ancient of Lore
06:20 Ancient of Wonders
06:43 Moon Well
07:35 Ancient Protector
07:51 Ancient Protector
08:17 Ancient Protector
12:01 Tree of Eternity
12:08 Ancient Protector
13:28 Moon Well
13:59 Tree of Life
20:31 Moon Well
21:43 Tree of Life
21:46 Ancient Protector
21:50 Ancient Protector
24:34 Ancient of War
26:37 Ancient of Wind
27:22 Tree of Life
27:25 Ancient Protector
27:28 Ancient Protector
29:55 Ancient Protector
29:57 Ancient Protector
30:00 Chimaera Roost
30:01 Chimaera Roost
30:52 Chimaera Roost
31:44 Ancient of Wonders
31:49 Ancient Protector
31:50 Tree of Life
31:56 Ancient Protector
33:24 Ancient Protector
33:26 Ancient Protector
37:14 Ancient Protector
37:16 Ancient Protector
40:41 Ancient Protector
» items
                
                | Staff of Preservation | 1 |  | 
| Lesser Clarity Potion | 5 |  | 
| Potion of Healing | 6 |  | 
| Boots of Speed | 1 |  | 
| Scroll of Town Portal | 4 |  | 
| Anti-magic Potion | 1 |  | 
| Orb of Venom | 2 |  | 
| Potion of Mana | 4 |  | 
| Potion of Lesser Invulnerability | 1 |  | 
                25 total
  
               observersBidouxJr, 
Jonah_Gold, 
POWERnaToR, 
tomate, 
Branchie, 
Stim[Fw], 
ChangeisntchaoS, 
nill Chat log
          (00:40 / All) eGPure: no jonah_gold, go ud
(00:50 / All) TALONSAREIMBA: lol
(02:38 / All) TALONSAREIMBA: Wow
(02:40 / All) TALONSAREIMBA: nice